AoeStats
← クマ豚男

Arabia

510219638Analyzed
1v1 RM · 4d ago on Sep 30, 2026· 52m 32s· 2 players
Game mode
Random Map
Map size
Tiny (2 player)
Population
200
Speed
Normal
Resources
Standard
Victory
Conquest
Starting age
Dark Age
Ending age
Imperial Age
RankedLock teamsTeams togetherTeam positionsShared explorationLock speedFull tech treeHidden civsTurbo modeCheats
Victory
Defeat
🇲🇽 Tatars · Mexico
1590
+12
🇲🇽 Maya · Mexico
1495
-12
クマ豚男
7:02 Loom
9:22 Feudal Age
10:02 Double-Bit Axe
16:20 Fletching
19:18 Horse Collar
22:46 Castle Age
21:03 Padded Archer Armor
22:52 Elite Skirmisher
23:31 Bodkin Arrow
23:55 Bow Saw
24:05 Light Cavalry
26:04 Leather Archer Armor
26:33 Bloodlines
26:41 Town Watch
30:54 Wheelbarrow
35:52 Imperial Age
34:43 Ballistics
34:56 Stone Mining
36:33 Bracer
37:35 Chemistry
36:38 Husbandry
38:56 Ring Archer Armor
39:09 Gold Mining
40:09 Scale Barding Armor
42:40 Siege Engineers
42:47 Masonry
42:43 Heavy Plow
43:29 Heavy Cavalry Archer
45:04 Chain Barding Armor
47:58 Plate Barding Armor
47:34 Forging
48:54 Gold Shaft Mining
49:12 Silk Armor
51:01 Crop Rotation
50:43 Hussar
carlos
0:29 Loom
8:58 Feudal Age
9:26 Double-Bit Axe
16:19 Wheelbarrow
18:27 Castle Age
17:05 Gold Mining
18:26 Fletching
18:35 Crossbowman
19:23 Bodkin Arrow
21:57 Ballistics
26:15 Horse Collar
26:55 Bow Saw
38:18 Imperial Age
36:41 Padded Archer Armor
39:03 Leather Archer Armor
39:03 Bracer
40:04 Chemistry
39:22 Thumb Ring
40:36 Masonry
45:05 Conscription
45:23 Ring Archer Armor
49:30 Elite Plumed Archer
50:18 Town Watch
51:56 Pikeman
52:36 Squires
Connection lost

Rejoining the realm…

Still unreachable

The connection could not be restored.

Session expired

The server has moved on; the page needs a fresh start.